 Dungeon Crawl Stone Soup version 0.27-a0-277-g024f7ef292 (webtiles) character file.

Game seed: 2701988653130943754

396 wakim the Insei (level 6, -5/41 HPs)
             Began as an Octopode Transmuter on Feb 6, 2021.
             Was an Initiate of Gozag.
             Slain by Pikel
             ... wielding a +0 whip of electrocution
              (10 damage)
             ... on level 3 of the Dungeon.
             The game lasted 00:29:04 (4848 turns).

wakim the Insei (Octopode Transmuter)               Turns: 4848, Time: 00:29:05

Health: -5/41      AC:  1    Str:  9    XL:     6   Next: 82%
Magic:  8/9        EV: 14    Int: 18    God:    Gozag
Gold:   338        SH:  0    Dex: 12    Spells: 8/9 levels left

rFire    . . .     SeeInvis .     - Unarmed
rCold    . . .     Faith    .   (no shield)
rNeg     . . .     Spirit   .   (helmet currently unavailable)
rPois    .         Reflect  .   d - amulet of the acrobat
rElec    .         Harm     .   a - +4 ring of slaying
rCorr    .         Rampage  .   (no ring)
Will     .....                  (no ring)
Stlth    ++++......             (no ring)
HPRegen  0.13/turn              (no ring)
MPRegen  0.11/turn              (no ring)
                                (no ring)
                                (no ring)

@: appendages
A: almost no armour, stealthy swim, amphibious, 8 rings, constrict 8, tentacle
spike 3, camouflage 1, gelatinous body 1
a: End Transformation, Renounce Religion, Potion Petition, Call Merchant, Bribe
Branch


You were on level 3 of the Dungeon.
You worshipped Gozag.
Gozag was aware of your devotion.
One of your tentacles had a temporary spike.
You visited 1 branch of the dungeon, and saw 4 of its levels.

You collected 409 gold pieces.
You paid 71 gold pieces to Gozag.

Inventory:

Hand Weapons
 b - a +0 dagger
Missiles
 c - 79 stones (quivered)
Armour
 p - a +2 hat (melded)
Jewellery
 a - a +4 ring of slaying (left tentacle)
 d - an amulet of the acrobat (around mantle)
Wands
 i - a wand of random effects (14)
 r - a wand of digging (4)
Scrolls
 e - 2 scrolls of identify
 f - a scroll of noise {unknown}
 g - 3 scrolls of remove curse
 k - a scroll of fear {unknown}
 n - 3 scrolls of blinking {unknown}
 o - a scroll of teleportation {unknown}
 q - a scroll of fog {unknown}
Potions
 h - a potion of brilliance
 j - 2 potions of curing
 l - 3 potions of flight
 m - a potion of might {unknown}


   Skills:
 + Level 2.9 Fighting
 * Level 4.1 Dodging
 + Level 4.5 Stealth
 + Level 4.5 Unarmed Combat
 - Level 2.0 Spellcasting
 - Level 2.0 Transmutations


You had 8 spell levels left.
You knew the following spells:

 Your Spells              Type           Power        Failure   Level
a - Beastly Appendage     Tmut           18%          8%          1

Your spell library contained the following spells:

 Spells                   Type           Power        Failure   Level
 Wereblood                Tmut           9%           12%         2
 Summon Small Mammal      Summ           4%           19%         1
 Call Imp                 Summ           1%           26%         2
 Spider Form              Tmut/Pois      2%           34%         3
 Call Canine Familiar     Summ           1%           47%         3
 Summon Guardian Golem    Hex/Summ       1%           47%         3
 Ice Form                 Ice/Tmut       5%           75%         4
 Summon Ice Beast         Ice/Summ       1%           87%         4
 Summon Lightning Spire   Summ/Air       1%           87%         4
 Blade Hands              Tmut           4%           91%         5


Dungeon Overview and Level Annotations

Branches:
Dungeon (4/15)
 Temple: D:4-7

Altars:
Gozag
Hepliaklqana

Annotations:
D:3 Pikel
D:4 Edmund


Innate Abilities, Weirdness & Mutations

You cannot wear most types of armour.
You are very stealthy in the water. (Stealth+)
You are amphibious.
You can wear up to eight rings at the same time.
You can use your tentacles to constrict eight enemies at once.
Your skin changes colour to match your surroundings (Stealth+).
Your rubbery body absorbs attacks. (AC +1, EV +1)
One of your tentacles bears a large vicious spike.


Message History

Casting: Beastly Appendage (safe; 8% risk of failure)
Confirm with . or Enter, or press ? or * to list all spells.
One of your tentacles grows a vicious spike.
Your +2 hat melds into your body.
Pikel hits you with a +0 whip of electrocution.
You are electrocuted!!
You barely miss Pikel. You grab Pikel. You constrict Pikel, but do no damage.
You tentacle-slap Pikel.
You pierce Pikel, but do no damage.
Pikel is lightly wounded.
You constrict Pikel.
Pikel hits you with a +0 whip of electrocution.
* * * LOW HITPOINT WARNING * * *
You are electrocuted!
* * * LOW HITPOINT WARNING * * *
You tentacle-slap Pikel. You squeeze Pikel!
Pikel is moderately wounded.
You constrict Pikel.
Pikel hits you with a +0 whip of electrocution!
You die...
Your body crumbles into a pile of gold.

########## ####.#######
.........# #.....)....#
)#######.####.##.#.[...#
.##...##.#.......#.....#
'##...##.#.##.#..#.....#
......##.#..#....#.....#
...(..##.#.......#.#####
.....###.#..#<..##.#
.....# #.#..#..K@..#
.....# #.#..#..#####
.....###.#..#...K..#######
.......................>.#
..#.#....#..#....#.#.....#
..#.#....##....#.#.#.....#
..#.#...).....##.#.####.##
..#.....###.#....#.####.#
..#....##...#.####......#


You could see Pikel.

Vanquished Creatures
  Eustachio (D:4)
  An ogre (D:3)
  4 lemures (D:4)
  Terence (D:3)
  Ijyb (D:3)
  A worker ant (D:4)
  A hound skeleton (D:4)
  3 adders
  2 oozes
  A worm (D:3)
  2 dart slugs (D:1)
  2 leopard geckos (D:3)
  7 bats
  3 giant cockroaches
  6 goblins
  3 hobgoblins
  5 frilled lizards
  5 kobolds
  A quokka skeleton (D:4)
  13 rats
63 creatures vanquished.

Notes
Turn   | Place    | Note
-------+----------+-------------------------------------------
     0 | D:1      | wakim the Octopode Transmuter began the quest for the Orb.
     0 | D:1      | Reached XP level 1. HP: 13/13 MP: 3/3
   353 | D:1      | Reached skill level 1 in Stealth
   353 | D:1      | Reached XP level 2. HP: 12/18 MP: 1/5
   731 | D:1      | Reached XP level 3. HP: 14/23 MP: 6/6
  1598 | D:2      | Reached XP level 4. HP: 24/28 MP: 5/7
  1764 | D:3      | Noticed Ijyb
  1778 | D:3      | Noticed Terence
  1869 | D:3      | Found an opulent altar of Gozag.
  1881 | D:3      | Became a worshipper of Gozag Ym Sagoz the Greedy
  2083 | D:3      | Found a hazy altar of Hepliaklqana.
  2102 | D:3      | Noticed an ogre
  2377 | D:3      | Killed Ijyb
  2612 | D:3      | Reached XP level 5. HP: 34/34 MP: 8/8
  2803 | D:4      | Noticed Edmund
  2942 | D:4      | Noticed Eustachio
  2953 | D:4      | Killed Eustachio
  2954 | D:4      | Reached XP level 6. HP: 27/41 MP: 9/9
  3138 | D:3      | Killed Terence
  3780 | D:4      | Noticed Pikel
  4848 | D:3      | Slain by Pikel

Illustrated notes

Levels and vault maps discovered:
D:1:      onia_arrival_handbag, layout_loops_ring, chequers_serial_rivers_marsh
D:2:      cheibrodos_helix_gallery, layout_basic
D:3:      layout_basic, lemuel_crystal_altar, lemuel_round_altar, uniq_terence,
          uniq_ijyb
D:4:      layout_loops_ring, lightli_minifort, uniq_eustachio, uniq_pikel,
          uniq_edmund

Skill      XL: |  1  2  3  4  5  6 |
---------------+-------------------+-----
Stealth        | 1 2 3 4 |  4.5
Fighting       | 2 |  2.9
Unarmed Combat | 4 |  4.5
Dodging        | 3 4 |  4.1
Spellcasting   | |  2.0
Transmutations | |  2.0

Action                   |  1- 3 |  4- 6 || total
-------------------------+-------+-------++-------
Melee: Unarmed           |    75 |    92 ||   167
       Constrict         |    17 |    16 ||    33
       Tentacles         |    15 |    17 ||    32
       Kick              |     5 |     9 ||    14
       Punch             |       |     2 ||     2
Throw: Stone             |     7 |    44 ||    51
 Cast: Beastly Appendage |     9 |     8 ||    17
  Use: Scroll            |       |     5 ||     5
       Potion            |       |     1 ||     1
 Stab: Sleeping          |     6 |     1 ||     7
Armor: Skin              |     4 |     5 ||     9
Dodge: Dodged            |    36 |    58 ||    94

Table legend: (Time is in decaauts)
 A = Elapsed time spent in this place.
 B = Non-inter-level travel time spent in this place.
 C = Inter-level travel time spent in this place.
 D = Time resting spent in this place.
 E = Time spent auto-exploring this place.
 F = Levels seen in this place.
 G = Mean time per level.
                   A        B        C        D        E       F      G
               +--------+--------+--------+--------+--------+-----+--------+
         Total |   4843 |   4424 |    419 |   1446 |    852 |   4 | 1210.8 |
       Dungeon |   4843 |   4424 |    419 |   1446 |    852 |   4 | 1210.8 |
               +--------+--------+--------+--------+--------+-----+--------+

Top non-repeatable levels by time:
     D:3: 1852 daAuts
     D:4: 1280 daAuts
     D:1: 1153 daAuts
     D:2: 558 daAuts
